 Dungeon Crawl Stone Soup version 0.30.1-9-gdf580d7c3d (webtiles) character file.

Game seed: 12045575992747701092

268627 LordWeiramon the Wrestler (level 19, -7/155 HPs)
             Began as a Demonspawn Cinder Acolyte on Oct 12, 2023.
             Was the Champion of Makhleb.
             Shot with a bolt by a yaktaur captain (32 damage)
             ... on level 3 of the Vaults on Oct 13, 2023.
             The game lasted 03:32:23 (48027 turns).

LordWeiramon the Wrestler (DsCA)                   Turns: 48027, Time: 03:32:24

Health: -7/155     AC: 38    Str: 15    XL:     19   Next: 38%
Magic:  32/32      EV: 28    Int: 17    God:    Makhleb [******]
Gold:   557        SH:  0    Dex: 12    Spells: 18/20 levels left

rFire   + .          .
                       - Unarmed
rCold   . . .        (no shield)
rNeg    . . .        g - +10 plate armour of the Frog {rElec rPois Str-3 Stlth+}
rPois   +            y - +2 helmet {SInv}
rElec   +            u - +2 cloak {Will+}
rCorr   .            (gloves unavailable)
SInv    +            d - +2 pair of boots
Will    +++..        N - amulet of the acrobat Stlth
                     l - ring of protection from fire
HPRegen 0.45/turn    s - +5 ring of evasion
MPRegen 0.23/turn

%: acrobat
@: mighty, acrobatic, studying Evocations
A: powered by pain 1, torment resistance 1, sharp scales 2, demonic magic 2,
demonic willpower, demonic touch 3
}: 2/15 runes: decaying, serpentine
a: Renounce Religion, Minor Destruction, Lesser Servant of Makhleb, Major
Destruction, Greater Servant of Makhleb


You were on level 3 of the Vaults.
You worshipped Makhleb.
Makhleb was exalted by your worship.
You visited 7 branches of the dungeon, and saw 34 of its levels.
You also visited: Volcano and Wizlab.

You collected 3536 gold pieces.
You spent 2979 gold pieces at shops.

Inventory:

Armour
 d - a +2 pair of boots (worn)
 g - the +10 plate armour of the Frog (worn) {rElec rPois Str-3 Stlth+}
   (You acquired it on level 4 of the Dungeon)

   Str:       It affects your strength (-3).
   rElec:     It insulates you from electricity.
   rPois:     It protects you from poison.
   Stlth:     It makes you more stealthy.
 u - a +2 cloak of willpower (worn)
 y - a +2 helmet of see invisible (worn)
 B - a +3 scale mail of cold resistance
 J - a +1 plate armour of fire resistance
Jewellery
 a - a ring of protection from cold
 l - a ring of protection from fire (left hand)
 n - a ring of see invisible
 s - a +5 ring of evasion (right hand)
 M - a ring of flight
 N - an amulet of the acrobat (around neck)
 Q - a ring of resist corrosion
 T - a ring of positive energy
 U - a ring of poison resistance
 W - a ring of positive energy
Wands
 j - a wand of flame (90)
 r - a wand of paralysis (60)
 A - a wand of roots (22)
 F - a wand of mindburst (29)
 I - a wand of digging (3)
 L - a wand of acid (5)
Scrolls
 c - 3 scrolls of enchant armour
 e - 5 scrolls of immolation
 i - 10 scrolls of teleportation
 o - 4 scrolls of fear
 q - a scroll of blinking
 t - 5 scrolls of vulnerability
 E - 3 scrolls of fog
 V - a scroll of magic mapping
Potions
 b - 5 potions of mutation
 f - 4 potions of ambrosia
 h - 6 potions of magic
 m - 3 potions of flight
 p - 4 potions of invisibility
 v - 4 potions of attraction
 w - 6 potions of brilliance
 x - 6 potions of curing
 z - 4 potions of might
 G - 5 potions of haste
 K - 6 potions of cancellation
 O - 3 potions of berserk rage
Miscellaneous
 D - a box of beasts
 H - a phantom mirror
 R - a phial of floods (inert)
 S - a condenser vane (inert)


   Skills:
 - Level 15.0 Fighting
 - Level 3.6 Maces & Flails
 - Level 13.1 Armour
 - Level 10.0 Dodging
 - Level 21.1 Unarmed Combat
 - Level 1.0 Spellcasting
 - Level 2.6 Fire Magic
 - Level 18.3 Invocations
 + Level 9.3 Evocations


You had 18 spell levels left.
You knew the following spells:

 Your Spells              Type           Power      Damage    Failure   Level
a - Scorch                Fire           18%        2d5       96%         2

Your spell library contained the following spells:

 Spells                   Type           Power      Damage    Failure   Level
 Beastly Appendage        Tmut           0%         N/A       99%         1
 Freeze                   Ice            0%         1d3       99%         1
 Sandblast                Erth           0%         2d4       99%         1
 Shock                    Conj/Air       0%         1d3       99%         1
 Slow                     Hex            0%         N/A       99%         1
 Cigotuvi's Dreadful Rot  Necr/Pois/Air  0%         N/A       100%        2
 Ensorcelled Hibernation  Hex/Ice        0%         N/A       100%        2
 Lesser Beckoning         Tloc           0%         N/A       100%        2
 Passwall                 Tmut/Erth      0%         N/A       100%        2
 Sublimation of Blood     Necr           0%         N/A       100%        2
 Wereblood                Tmut           0%         N/A       100%        2
 Call Canine Familiar     Summ           0%         N/A       100%        3
 Dazzling Flash           Conj/Hex       0%         N/A       100%        3
 Frozen Ramparts          Ice            0%         1d1       100%        3
 Gell's Gravitas          Tloc           0%         N/A       100%        3
 Hailstorm                Conj/Ice       0%         3d3       100%        3
 Ignite Poison            Fire/Tmut/Pois 3%         N/A       100%        3
 Inner Flame              Hex/Fire       5%         N/A       100%        3
 Ozocubu's Armour         Ice            0%         N/A       100%        3
 Portal Projectile        Hex/Tloc       0%         N/A       100%        3
 Spider Form              Tmut/Pois      0%         N/A       100%        3
 Stone Arrow              Conj/Erth      0%         3d7       100%        3
 Swiftness                Air            0%         N/A       100%        3
 Teleport Other           Tloc           0%         N/A       100%        3
 Tukima's Dance           Hex            0%         N/A       100%        3
 Volatile Blastmotes      Fire/Tloc      10%        2d10      100%        3
 Airstrike                Air            0%         2d(0-16)  100%        4
 Anguish                  Hex/Necr       0%         N/A       100%        4
 Cause Fear               Hex            0%         N/A       100%        4
 Dispel Undead            Necr           0%         3d6       100%        4
 Flame Wave               Conj/Fire      5%         2d5       100%        4
 Iskenderun's Mystic Bla  Conj/Tloc      0%         2d3       100%        4
 Leda's Liquefaction      Hex/Erth       0%         N/A       100%        4
 Passage of Golubria      Tloc           0%         N/A       100%        4
 Petrify                  Tmut/Erth      0%         N/A       100%        4
 Sticky Flame             Conj/Fire      5%         2d3       100%        4
 Summon Ice Beast         Ice/Summ       0%         N/A       100%        4
 Blade Hands              Tmut           0%         N/A       100%        5
 Freezing Cloud           Conj/Ice/Air   0%         6-21      100%        5
 Irradiate                Conj/Tmut      0%         3d11      100%        5
 Lee's Rapid Deconstruct  Erth           0%         3d4*      100%        5
 Metabolic Englaciation   Hex/Ice        0%         N/A       100%        5
 Silence                  Hex/Air        0%         N/A       100%        5
 Death Channel            Necr           0%         N/A       100%        6
 Simulacrum               Ice/Necr       0%         N/A       100%        6
 Starburst                Conj/Fire      2%         6d3       100%        6
 Statue Form              Tmut/Erth      0%         N/A       100%        6
 Summon Cactus Giant      Summ           0%         N/A       100%        6
 Summon Hydra             Summ           0%         N/A       100%        7
 Lehudib's Crystal Spear  Conj/Erth      0%         10d2      100%        8


Dungeon Overview and Level Annotations

Branches:
Dungeon (15/15)            Temple (1/1) D:7            Lair (5/5) D:10
  Swamp (4/4) Lair:3        Snake (4/4) Lair:2        Slime (0/5) Lair:4
    Orc (2/2) D:11            Elf (0/3) Orc:2        Vaults (3/5) D:13
 Depths (0/4) D:15        Volcano (visited)          WizLab (visited)
  Crypt: Vaults:2-3

Altars:
Ashenzari
Cheibriados
Dithmenos
Fedhas
Gozag
Hepliaklqana
Kikubaaqudgha
Makhleb
Nemelex Xobeh
Okawaru
Qazlal
Ru
Sif Muna
Trog
Uskayaw
Vehumet
Wu Jian
Xom
Yredelemnul
Jiyva

Shops:
D:3 (   D:4 [=?(:   Orc:2 *([[   Snake:2 ((:([   Vaults:1 *=   Vaults:2 *


Innate Abilities, Weirdness & Mutations

You sometimes gain a little power by taking damage.
You are resistant to unholy torment.
You are mostly covered in razor-sharp scales. (AC +2, Slay +2)
Spells you cast may paralyse nearby enemies.
You punish those that try to bend your will. (Will+)
Your touch may irresistibly damage your foes and sap their willpower.


Message History

Unknown command.
You hit the vault warden. You punch the vault warden.
The vault warden is lightly wounded.
The vault sentinel blows a loud note on a signal horn!
You hear a roar!
You hear a horrible gurgling sound!
You hear a shout! x5
Unknown command.
You closely miss the vault warden.
You touch the vault warden!
You sap its willpower!
The vault warden is lightly wounded.
The vault warden hits you but does no damage.
A deep troll comes into view.
Unknown command.
You pummel the vault warden!!
The vault warden is heavily wounded.
Unknown command.
You completely miss the vault warden. You punch the vault warden.
The vault warden is heavily wounded.
A peacekeeper comes into view.
The vault warden hits you but does no damage.
The ironbound convoker hits you with a +0 great mace!
The ironbound convoker gestures at the deep troll while chanting.
The deep troll seems to grow stronger.
Unknown command.
As you read the scroll of teleportation, it crumbles to dust.
You feel strangely unstable.
The vault warden hits you with a +3 great mace of protection!
* * * LOW HITPOINT WARNING * * *
The ironbound convoker hits you with a +0 great mace!!
* * * LOW HITPOINT WARNING * * *
Unknown command.
Unknown command.
Okay, then.
The peacekeeper roars a battlecry!
Unknown command.
Your surroundings suddenly seem different.
Found 35 gold pieces, a scroll of magic mapping and a ring mail.
The yaktaur captain shouts!
You hear a shout!
The yaktaur captain wields a +0 arbalest.
The yaktaur captain shoots a bolt.
The bolt hits you!!
You die...

####p##
#Oc# .cp..
..c(C...#
...##...O..
..9#
#..c..c .c.
.......##
.......##
#...@#
###[?# ####


You could see 2 yaktaur captains and an ogre mage.

Vanquished Creatures
  Nikola (Vaults:1)
  Jorgrun (Swamp:2)
  A tentacled monstrosity (Swamp:1)
  A quicksilver dragon (Snake:4)
  2 deep elf master archers (WizLab)
  Frances (Swamp:2)
  4 thorn hunters
  A tengu reaver (Vaults:2)
  3 nagarajas (Snake:4)
  6 fenstrider witches
  The ghost of Keoguots the Thaumaturge, an adept GnSk of Makhleb (Swamp:4)
  4 vault wardens
  8 ironbound preservers
  The ghost of Drunn the Thaumaturge, a journeyman DsEE of Dithmenos (Orc:2)
  4 ghouls (Swamp:4)
  2 orc warlords
  2 reapers (Swamp:4)
  2 ironbound thunderhulks
  2 vampire knights (Vaults:2)
  7 eleionomae
  5 bunyips
  4 dire elephants
  A crystal guardian (Vaults:2)
  An ettin (Orc:1)
  Snorg (D:10)
  3 great orbs of eyes
  2 shambling mangroves
  A fire dragon (D:15)
  6 yaktaur captains
  7 salamander tyrants
  The ghost of ranchalot the Geomancer, a journeyman DrAE of Jiyva (Orc:2)
  2 ghost crabs
  3 ogre magi (Swamp:4)
  12 hydras
  Erolcha (D:11)
  2 peacekeepers
  2 vault guards (D:13)
  Erica (D:10)
  9 anacondas
  3 centaur warriors
  5 ironbound frosthearts
  A satyr (WizLab)
  2 spriggan air magi
  6 two-headed ogres
  3 boulder beetles
  5 alligators
  3 death yaks (Lair:5)
  4 tengu warriors
  An orc high priest (Orc:2)
  2 spriggan berserkers
  18 naga sharpshooters
  A soul eater (Swamp:4)
  A sun demon (Volcano)
  6 naga warriors
  Urug (D:11)
  6 shock serpents
  2 skysharks (Lair:5)
  A hell knight (Volcano)
  A sixfirhy (Swamp:4)
  5 salamander mystics
  5 goliath frogs
  8 spriggan druids
  18 deep trolls
  A sea snake (Snake:1)
  A deep elf archer (WizLab)
  6 naga ritualists
  6 wizards
  4 bog bodies
  Pikel (D:8)
  3 necromancers
  6 orc knights
  3 swamp dragons
  5 harpies (Vaults:2)
  5 ironbound convokers
  3 lindwurms
  29 ugly things
  4 fauns (WizLab)
  A deep elf zephyrmancer (Swamp:4)
  An orc sorcerer (Orc:2)
  13 mana vipers
  3 oklob plants
  4 cyclopes
  3 elephants (Lair:2)
  2 manticores
  23 salamanders
  The ghost of chicagocrazy the Sneak, a novice OpFE of Sif Muna (D:7)
  3 will-o-the-wisps
  9 vault sentinels
  27 black mambas
  2 orange demons (Swamp:4)
  5 guardian serpents
  2 molten gargoyles (Volcano)
  10 naga magi
  A torpor snail (Lair:5)
  3 gargoyles
  An unseen horror (D:12)
  8 rime drakes
  10 cane toads
  24 yaktaurs
  A kobold demonologist (D:11)
  2 tengu conjurers (D:15)
  A yaktaur (shapeshifter) (D:13)
  A freezing wraith (D:14)
  5 komodo dragons
  2 efreet
  2 red devils (Volcano)
  9 trolls
  A hellwing (Swamp:4)
  6 tyrant leeches
  5 polar bears
  A raiju (shapeshifter) (D:12)
  17 hornets
  8 blink frogs
  24 slime creatures
  2 wraiths
  3 shadows
  2 fire bats (Volcano)
  15 fire elementals
  27 spriggans
  A wyvern (Lair:5)
  24 yaks
  A basilisk (Lair:5)
  15 humans (D:13)
  2 steam dragons
  A chaos spawn (Swamp:4)
  2 neqoxecs (Swamp:4)
  6 vampire mosquitoes
  A swamp worm (shapeshifter) (D:14)
  2 wargs
  15 swamp worms
  40 nagas
  8 water moccasins
  35 orc warriors
  An acid dragon (D:12)
  A swamp drake (Swamp:2)
  7 ice beasts
  3 sky beasts
  5 black bears
  4 ogres
  An ettin simulacrum (Vaults:2)
  10 boggarts
  39 wolves
  2 human skeletons (Vaults:2)
  12 centaurs
  3 phantoms
  2 kobold brigands
  2 necrophages (Swamp:4)
  7 bullfrogs
  A scorpion (D:7)
  A gnoll sergeant (D:4)
  9 wights
  5 killer bees
  2 howler monkeys (D:9)
  An electric eel (Snake:1)
  3 hounds
  2 jellies
  6 lava snakes (Volcano)
  2 gnoll boudas
  15 orc priests
  3 iguanas
  36 orc wizards
  11 gnolls
  3 adders
  2 shadow imps (D:5)
  A white imp (D:8)
  A worm (D:11)
  4 dart slugs
  118 orcs
  7 endoplasms
  2 giant cockroaches (D:2)
  6 goblins
  5 hobgoblins
  3 quokkas
  6 ball pythons
  4 bats
  5 frilled lizards
  15 kobolds
  4 rats
1128 creatures vanquished.

Vanquished Creatures (collateral kills)
  A tentacled monstrosity (Swamp:4)
  A quicksilver dragon (Snake:4)
  2 fenstrider witches
  A draconian knight (Vaults:2)
  A spriggan defender (Vaults:2)
  An orc sorcerer (Swamp:4)
  A human zombie (Vaults:2)
  2 guardian serpents (Snake:4)
  A tyrant leech (Swamp:1)
  5 humans (D:13)
16 creatures vanquished.

Vanquished Creatures (others)
  The ghost of leafyfresh the Covert, a journeyman GnDe of Ashenzari (Orc:2)
  A goliath frog (Swamp:4)
  A will-o-the-wisp (Swamp:2)
  4 bloated husks
  An orc wizard (Orc:2)
  2 foxfires (Swamp:2)
10 creatures vanquished.

Grand Total: 1154 creatures vanquished

Notes
Turn   | Place    | Note
-------+----------+-------------------------------------------
     0 | D:1      | LordWeiramon the Demonspawn Cinder Acolyte began the quest
                  | for the Orb.
     0 | D:1      | Reached XP level 1. HP: 18/18 MP: 2/2
   231 | D:1      | Gained mutation: Your touch may inflict minor irresistible
                  | damage on your foes. [demonic ancestry]
   231 | D:1      | Reached XP level 2. HP: 24/24 MP: 3/3
   234 | D:1      | Learned a level 2 spell: Scorch
  1010 | D:2      | Reached XP level 3. HP: 29/29 MP: 4/4
  1088 | D:2      | Found a shimmering altar of Xom.
  1120 | D:2      | Reached skill level 1 in Unarmed Combat
  1462 | D:2      | Reached skill level 2 in Unarmed Combat
  1875 | D:3      | Gained mutation: Spells you cast may paralyse adjacent
                  | enemies. [demonic ancestry]
  1875 | D:3      | Reached XP level 4. HP: 35/35 MP: 5/5
  2092 | D:3      | Found Rurez's Antique Weapon Boutique.
  2370 | D:3      | Found a snail-covered altar of Cheibriados.
  2579 | D:4      | Noticed a phantom
  2587 | D:4      | Reached skill level 3 in Unarmed Combat
  2596 | D:4      | Killed a phantom
  2597 | D:4      | Reached XP level 5. HP: 34/41 MP: 6/6
  2605 | D:4      | Found Laber's Antique Weapon Shop.
  2619 | D:4      | Found Ragojeef's Jewellery Shoppe.
  2681 | D:4      | Found Lufiutte's Armour Shoppe.
  2714 | D:4      | Found Pamaetu's Magic Scroll Emporium.
  2876 | D:4      | Found Neiwal's Book Emporium.
  2924 | D:4      | Reached skill level 4 in Unarmed Combat
  3133 | D:5      | Entered Level 5 of the Dungeon
  3351 | D:4      | Gained mutation: Your touch may inflict irresistible damage
                  | on your foes. [demonic ancestry]
  3351 | D:4      | Reached XP level 6. HP: 40/47 MP: 7/7
  3395 | D:5      | Reached skill level 5 in Unarmed Combat
  3920 | D:5      | Noticed an ice beast
  3931 | D:5      | Killed an ice beast
  3932 | D:5      | Reached skill level 6 in Unarmed Combat
  3932 | D:5      | Gained mutation: You are partially covered in razor-sharp
                  | scales. (AC +1, Slay +1) [demonic ancestry]
  3932 | D:5      | Reached XP level 7. HP: 52/52 MP: 8/8
  4194 | D:6      | Reached skill level 7 in Unarmed Combat
  4410 | D:6      | Noticed a steam dragon
  4428 | D:6      | Killed a steam dragon
  4462 | D:6      | Reached skill level 8 in Unarmed Combat
  4462 | D:6      | Gained mutation: Spells you cast may paralyse nearby
                  | enemies. [demonic ancestry]
  4462 | D:6      | Reached XP level 8. HP: 38/58 MP: 9/9
  4746 | D:4      | Bought a +1 helmet of see invisible for 214 gold pieces
  5071 | D:6      | Reached skill level 9 in Unarmed Combat
  5489 | D:6      | Reached skill level 5 in Fighting
  5582 | D:6      | Reached skill level 1 in Armour
  5953 | D:4      | Bought a scroll of blinking for 90 gold pieces
  6040 | D:7      | Found a staircase to the Ecumenical Temple.
  6140 | Temple   | Entered the Ecumenical Temple
  6140 | Temple   | Found a transporter.
  6140 | Temple   | Found a transporter.
  6142 | Temple   | Found a transporter.
  6142 | Temple   | Found a transporter.
  6210 | D:7      | Found a runed translucent gate.
  6210 | D:7      | Noticed chicagocrazy's ghost (novice OpFE)
  6211 | D:7      | Found a runed translucent gate.
  6212 | D:7      | Found a runed translucent gate.
  6212 | D:7      | Noticed a cyclops
  6500 | D:4      | Bought a scroll of teleportation for 36 gold pieces
  6862 | D:7      | Reached XP level 9. HP: 64/68 MP: 10/10
  7010 | D:4      | Bought a scroll of noise for 12 gold pieces
  7522 | D:7      | Reached skill level 5 in Armour
  7530 | D:8      | Reached skill level 1 in Dodging
  7804 | D:8      | Noticed Pikel
  7816 | D:8      | Killed Pikel
  7845 | D:8      | Reached skill level 5 in Dodging
  7927 | D:7      | Killed chicagocrazy's ghost
  7929 | D:7      | Reached skill level 10 in Unarmed Combat
  7935 | D:7      | Killed a cyclops
  7936 | D:7      | Reached XP level 10. HP: 58/74 MP: 11/11
  8372 | D:4      | Bought a scroll of fog for 48 gold pieces
  8576 | D:9      | Found an iron altar of Okawaru.
  8590 | D:9      | Reached skill level 11 in Unarmed Combat
  8782 | D:9      | Reached skill level 1 in Evocations
  8862 | D:9      | Found a bloodstained altar of Trog.
  8873 | D:9      | Found a blossoming altar of Fedhas.
  9051 | D:10     | Entered Level 10 of the Dungeon
  9053 | D:10     | Noticed a two-headed ogre
  9338 | D:10     | Killed a two-headed ogre
  9339 | D:10     | Reached skill level 5 in Evocations
  9362 | D:10     | Found a broken altar of Ashenzari.
  9436 | D:10     | Noticed Erica
  9611 | D:10     | Killed Erica
  9612 | D:10     | Reached skill level 12 in Unarmed Combat
  9612 | D:10     | Reached XP level 11. HP: 66/79 MP: 12/12
  9824 | D:10     | Noticed a two-headed ogre
  9830 | D:10     | Killed a two-headed ogre
  9845 | D:10     | Found a staircase to the Lair.
  9849 | D:10     | Noticed Snorg
  9859 | D:10     | Killed Snorg
 10389 | D:11     | Noticed Urug
 10445 | D:11     | Noticed Erolcha
 10512 | Lair:1   | Entered Level 1 of the Lair of Beasts
 10519 | Lair:1   | Reached skill level 13 in Unarmed Combat
 10860 | Lair:1   | Noticed a six-headed hydra
 10867 | Lair:1   | Killed a six-headed hydra
 10874 | Lair:1   | Found a dark tunnel.
 10942 | Volcano  | Entered a volcano
 11003 | Volcano  | Reached skill level 14 in Unarmed Combat
 11277 | Volcano  | Found a radiant altar of Vehumet.
 11277 | Volcano  | Noticed a sun demon
 11277 | Volcano  | Noticed a red ugly thing
 11277 | Volcano  | Noticed a red ugly thing
 11290 | Volcano  | Killed a red ugly thing
 11297 | Volcano  | Killed a sun demon
 11298 | Volcano  | Killed a white ugly thing
 11383 | Volcano  | Noticed a hell knight
 11397 | Volcano  | Killed a hell knight
 11398 | Volcano  | Reached skill level 15 in Unarmed Combat
 11398 | Volcano  | Reached XP level 12. HP: 52/86 MP: 13/13
 11536 | Lair:1   | Found the +4 robe of Augmentation {Str+4 Int+4 Dex+4}
 11694 | Lair:1   | Noticed a boulder beetle
 11718 | Lair:1   | Killed a boulder beetle
 12263 | Lair:1   | You fall into a shaft and drop 1 floor!
 13046 | Lair:2   | Found a staircase to the Snake Pit.
 13370 | Lair:2   | Noticed a five-headed hydra
 13381 | Lair:2   | Killed a five-headed hydra
 13916 | Lair:2   | Reached skill level 10 in Fighting
 14394 | Lair:3   | Identified the +1 scale mail of Incorporation {rN+ Will++
                  | Int-2 Dex+4}
 14444 | Lair:3   | Found a staircase to the Swamp.
 15167 | Lair:4   | Found a viscous altar of Jiyva.
 15167 | Lair:4   | Found a staircase to the Slime Pits.
 15288 | Lair:4   | Found a blossoming altar of Fedhas.
 16169 | Lair:5   | Entered Level 5 of the Lair of Beasts
 16513 | Lair:5   | Gained mutation: You sometimes gain a little power by
                  | taking damage. [demonic ancestry]
 16513 | Lair:5   | Reached XP level 13. HP: 81/103 MP: 14/14
 17840 | Lair:5   | Reached skill level 10 in Armour
 19875 | D:4      | Bought 3 scrolls of identify for 72 gold pieces
 20044 | D:11     | Killed Erolcha
 20225 | D:11     | Identified the +2 hand axe of Yredelemnul's Envy {heavy,
                  | Str+7 Int-5 SInv}
 20274 | D:11     | Found a snail-covered altar of Cheibriados.
 20383 | D:11     | Killed Urug
 20626 | D:11     | Found a staircase to the Orcish Mines.
 20974 | D:11     | Reached XP level 14. HP: 84/110 MP: 15/15
 21304 | D:12     | Identified the +4 scale mail of Kindness {rPois Regen+
                  | Int+5 Stlth+}
 21425 | D:12     | Reached skill level 10 in Dodging
 22078 | D:12     | Identified the +5 leather armour "Uggik" {SInv}
 22549 | D:4      | Bought an amulet of the acrobat for 360 gold pieces
 23117 | Temple   | Fell from the grace of Ignis
 23117 | Temple   | Became a worshipper of Makhleb the Destroyer
 23941 | D:13     | Identified the +4 hand axe of Chaos {speed, Fly rN+ Str+3
                  | Stlth+}
 24065 | D:13     | You fall into a shaft and drop 1 floor!
 24128 | D:13     | Reached skill level 16 in Unarmed Combat
 24170 | D:13     | You fall into a shaft and drop 2 floors!
 24170 | D:15     | Entered Level 15 of the Dungeon
 24434 | D:14     | Reached * piety under Makhleb
 24857 | D:13     | Found a gate to the Vaults.
 25464 | D:14     | You fall into a shaft and drop 1 floor!
 25467 | D:15     | Found a stormy altar of Qazlal.
 25708 | D:14     | Reached skill level 17 in Unarmed Combat
 25768 | D:14     | You fall into a shaft and drop 1 floor!
 26730 | D:15     | Reached ** piety under Makhleb
 27171 | D:15     | Was forgiven by Ignis
 27186 | D:15     | Gained mutation: You punish those that try to bend your
                  | will. (Will+) [demonic ancestry]
 27186 | D:15     | Reached XP level 15. HP: 40/115 MP: 16/16
 27435 | D:15     | Reached skill level 1 in Invocations
 27488 | D:15     | Found a staircase to the Depths.
 27813 | Swamp:1  | Entered Level 1 of the Swamp
 27951 | Orc:1    | Entered Level 1 of the Orcish Mines
 28211 | Orc:1    | Reached *** piety under Makhleb
 28628 | Orc:2    | Entered Level 2 of the Orcish Mines
 28647 | Orc:2    | Reached skill level 5 in Invocations
 28727 | Orc:2    | Found a staircase to the Elven Halls.
 28827 | Orc:2    | Reached **** piety under Makhleb
 28865 | Orc:2    | Found Kammuaho's General Store.
 28870 | Orc:2    | Bought a potion of heal wounds for 75 gold pieces
 28870 | Orc:2    | Bought a potion of cancellation for 120 gold pieces
 28870 | Orc:2    | Bought a scroll of identify for 30 gold pieces
 28870 | Orc:2    | Bought a scroll of identify for 30 gold pieces
 29003 | Orc:2    | Found Olonam's Antique Armour Emporium.
 29258 | Orc:2    | Found a runed translucent gate.
 29258 | Orc:2    | Found a runed translucent gate.
 29258 | Orc:2    | Found a runed translucent gate.
 29258 | Orc:2    | Noticed Drunn's ghost (journeyman DsEE)
 29259 | Orc:2    | Noticed leafyfresh's ghost (journeyman GnDe)
 29259 | Orc:2    | Noticed ranchalot's ghost (journeyman DrAE)
 29692 | Orc:2    | Found Neng's Antique Armour Boutique.
 29698 | Orc:2    | Found Quinav's Antique Weapon Shop.
 29703 | Orc:2    | Bought a pair of runed boots for 187 gold pieces
 29781 | Orc:2    | Reached ***** piety under Makhleb
 30535 | Swamp:1  | Identified a scroll of acquirement
 30551 | Swamp:1  | Noticed a thorn hunter
 30571 | Swamp:1  | Killed a thorn hunter
 30634 | Swamp:1  | Reached skill level 10 in Invocations
 30737 | Swamp:1  | Reached skill level 18 in Unarmed Combat
 30919 | Swamp:1  | Noticed a tentacled monstrosity
 30934 | Swamp:1  | Killed a tentacled monstrosity
 31703 | Swamp:2  | Noticed Frances
 31731 | Swamp:2  | Killed Frances
 31943 | Swamp:2  | Noticed Jorgrun
 31957 | Swamp:2  | Killed Jorgrun
 32138 | Swamp:3  | Reached skill level 19 in Unarmed Combat
 32595 | Swamp:3  | Reached XP level 16. HP: 109/124 MP: 23/23
 32871 | Swamp:4  | Entered Level 4 of the Swamp
 33180 | Swamp:4  | Identified the +1 rapier of Hoxzoav {venom, rPois rF+ rN+
                  | Int-3}
 33266 | Swamp:4  | Got Tifi's Quarto of Hindering Graupel
 33363 | Swamp:4  | Noticed a tentacled monstrosity
 33386 | Swamp:4  | Killed a tentacled monstrosity
 33795 | Swamp:4  | Reached ****** piety under Makhleb
 33841 | Swamp:4  | Found a runed translucent door.
 33843 | Swamp:4  | Noticed Keoguots's ghost (adept GnSk)
 34143 | Swamp:4  | Got a decaying rune of Zot
 34507 | Snake:1  | Entered Level 1 of the Snake Pit
 34528 | Lair:2   | Reached skill level 15 in Fighting
 35354 | Snake:2  | Found Mirasurgh's Weapon Shoppe.
 35371 | Snake:2  | Found a shadowy altar of Dithmenos.
 35427 | Snake:2  | Gained mutation: You are mostly covered in razor-sharp
                  | scales. (AC +2, Slay +2) [demonic ancestry]
 35427 | Snake:2  | Reached XP level 17. HP: 111/142 MP: 24/24
 35427 | Snake:2  | Found Xext's Antique Weapon Emporium.
 35437 | Snake:2  | Found Kathrimel's Book Shoppe.
 35480 | Snake:2  | Found Inoxeonlai's Armour Shop.
 36112 | Snake:2  | Found Ahibuset's Weapon Boutique.
 36354 | Snake:3  | Reached skill level 20 in Unarmed Combat
 37978 | Snake:4  | Entered Level 4 of the Snake Pit
 38112 | Snake:4  | Reached skill level 21 in Unarmed Combat
 39405 | Snake:4  | Noticed a quicksilver dragon
 39405 | Snake:4  | Noticed a quicksilver dragon
 39420 | Snake:4  | Killed a quicksilver dragon
 39430 | Snake:4  | Killed a quicksilver dragon
 39440 | Snake:4  | Gained mutation: You are resistant to unholy torment.
                  | [demonic ancestry]
 39440 | Snake:4  | Reached XP level 18. HP: 49/149 MP: 19/28
 39688 | Snake:4  | Got a serpentine rune of Zot
 39963 | Vaults:1 | Entered Level 1 of the Vaults
 39963 | Vaults:1 | You fall into a shaft and drop 1 floor!
 39963 | Vaults:2 | Found Ufodim's General Store.
 39995 | Vaults:2 | Bought a potion of curing for 48 gold pieces
 39995 | Vaults:2 | Bought a potion of invisibility for 128 gold pieces
 40048 | Vaults:1 | Found Jiolubb's Assorted Antiques.
 40056 | Vaults:1 | Bought an embroidered cloak for 225 gold pieces
 40056 | Vaults:1 | Bought a potion of haste for 300 gold pieces
 40077 | Vaults:1 | Noticed Nikola
 40098 | Vaults:1 | Killed Nikola
 40121 | Vaults:1 | Reached skill level 15 in Invocations
 40144 | Vaults:1 | Found a magical portal.
 40227 | WizLab   | Entered Eringya's Formal Garden
 42343 | WizLab   | Found a blossoming altar of Fedhas.
 42954 | Vaults:1 | Found Vowkiup's Jewellery Emporium.
 42962 | Vaults:1 | Bought a ring of poison resistance for 380 gold pieces
 45199 | Vaults:2 | Gained mutation: Your touch may irresistibly damage your
                  | foes and sap their willpower. [demonic ancestry]
 45199 | Vaults:2 | Reached XP level 19. HP: 78/155 MP: 32/32
 46708 | D:4      | Bought a scroll of acquirement for 624 gold pieces
 46708 | D:4      | Acquired the +10 plate armour of the Frog {rElec rPois
                  | Str-3 Stlth+}
 46721 | D:4      | Acquired a manual of Evocations
 46984 | Orc:2    | Killed Drunn's ghost
 46999 | Orc:2    | Killed leafyfresh's ghost
 47008 | Orc:2    | Killed ranchalot's ghost
 47455 | Swamp:4  | Killed Keoguots's ghost
 47561 | Swamp:4  | Identified the +3 spear of the Spinneret {heavy, *Noise
                  | rElec rF+ Int+6}
 48027 | Vaults:3 | Shot with a bolt by a yaktaur captain

Illustrated notes

Levels and vault maps discovered:
D:1:      saegor_arrival_simple_d, layout_basic
D:2:      layout_rooms, basic_altar, hangedman_glass_garden,
          minmay_misc_feat_iff
D:3:      layout_loops_ring, mainiacjoe_overflow_alcove_1, serial_shops, shop
D:4:      layout_basic, serial_shops, nicolae_shop_peninsula, shop,
          nicolae_shop_trees, nicolae_stop_n_shop_1, nicolae_shop_gaudy_bauble,
          hangedman_abyss_or_decor_stabs
D:5:      layout_basic, lightli_minifort
D:6:      layout_cave_pods
D:7:      layout_basic, minmay_temple_entry_glass, gammafunk_ghost_split,
          grunt_ministairs_9
D:8:      layout_rooms, kennysheep_path_1, uniq_pikel
D:9:      layout_basic, minitemple, okawaru_metal_pillars_1_2,
          kennysheep_generic_room_9
D:10:     layout_long_grid, mainiacjoe_overflow_catwalk, lair_entry_dummy,
          uniq_erica, uniq_snorg
D:11:     layout_loops_ring, hiddenorc2_lemuel, st_stairs_10, slow_altar_1,
          uniq_erolcha, uniq_urug
D:12:     layout_big_octagon
D:13:     layout_rooms, grunt_vaults_entry_tiered
D:14:     layout_small_grid, hangedman_decor_opposing
D:15:     hangedman_depths_entry_try_elsewhere_first, layout_rooms,
          minmay_tree_intersection, nicolae_qazlal_general_emergency
Temple:   hellmonk_temple_divided_pantheon
Lair:1:   layout_chaotic_city, nicolae_volcano_entry_s_turn,
          portal_ice_cave_entry_pillars_1, minmay_lair_oklob_items
Lair:2:   layout_roguey, dummy_snake_entry, serial_bayou_pond_a,
          lemuel_fruit_fields
Lair:3:   layout_concentric_octagons, swamp_mist
Lair:4:   layout_hall_layers, dpeg_slime_entry_corner, basic_altar,
          serial_bayou_shore_b
Lair:5:   minmay_lair_end_enchanted_forest, layout_cave_pods
Swamp:1:  layout_basic_swamp, hangedman_swamp_diagram, infiniplex_staircase_pool
Swamp:2:  layout_basic_swamp, evilmike_swamp_ruin_house_4, uniq_frances,
          uniq_jorgrun
Swamp:3:  nicolae_swamp_ascending_descending, layout_basic_swamp,
          evilmike_swamp_ruin_house_1, swamp_pool4
Swamp:4:  nzn_swamp_witches_coven, layout_basic_swamp,
          ebering_ghost_funeral_grove
Snake:1:  layout_misc_corridors, serial_bayou_lagoon_a, grunt_ministairs_4
Snake:2:  layout_cave_pods, serial_shops, nicolae_shop_statue_plus, shop,
          nicolae_shop_mannequins, basic_altar, minmay_shoptagon
Snake:3:  layout_chambers, drop_trap
Snake:4:  hellmonk_snake_rune_quicksilver_temple, layout_cave_town
Orc:1:    layout_diamond_mine, serial_shops, shop
Orc:2:    grunt_orc_community_town_hall, layout_caves,
          grunt_orc_community_big_house_2, grunt_orc_community_big_house_2,
          grunt_orc_community_house_1, grunt_orc_community_house_1,
          grunt_orc_community_house_1, grunt_orc_community_house_1,
          grunt_orc_community_house_3, basic_altar, gammafunk_ghost_cemetery
Vaults:1: infiniplex_enter_wizlab_water, nicolae_vaults_big_ls, v_misc_23,
          vaults_dpeg_ring, nicolae_vaults_closet_pinwheel_6, vaults_room_fours,
          hangedman_vaults_nodes, nicolae_vaults_storage_room_statues,
          hangedman_vaults_trim, layout_vaults_omnigrid, serial_shops,
          nicolae_shop_just_a_little_nook, nicolae_shop_rolling_square,
          uniq_nikola
Vaults:2: nicolae_vaults_stepped_doors, nicolae_vaults_house_1,
          vaults_mumra_hexcomb, nicolae_vaults_hallways_thing,
          nicolae_vaults_network_s, nicolae_vaults_cochlea,
          hangedman_vaults_impose, nicolae_vaults_turnstiles, sword_in_stone,
          nicolae_vaults_tetromino_T_2, hangedman_vaults_corner_blocks,
          vaults_dpeg_diagonal, layout_vaults_chaotic_city, serial_shops,
          nicolae_shop_tiny_glass
Vaults:3: nicolae_vaults_twisting_passages, vaults_room_door_hall,
          grunt_vaults_diagonal, v_alt_pattern_6, ontoclasm_vaults_ring_large,
          blue_anna_dwarven_crypt, st_star, hangedman_vaults_nails,
          vaults_room_hallway, dpeg_vaults_monster_row,
          nicolae_vaults_closet_pinwheel_4, v_misc_23,
          nicolae_vaults_trapezoid_1, layout_vaults_omnicross, uniq_jory,
          uniq_sojobo

Skill      XL: |  1  2  3  4  5  6  7  8  9 10 11 12 13 14 15 16 17 18 19 |
---------------+----------------------------------------------------------+-----
Maces & Flails | 3 |  3.6
Unarmed Combat | 2 3 4 6 8 9 10 12 15 17 19 21 | 21.1
Fighting       | 5 10 15 | 15.0
Armour         | 3 5 7 10 12 13 | 13.1
Dodging        | 5 9 10 | 10.0
Evocations     | 5 9 |  9.3
Invocations    | 10 13 18 | 18.3
Spellcasting   | |  1.0
Fire Magic     | |  2.6

Action                     |  1- 3 |  4- 6 |  7- 9 | 10-12 | 13-15 | 16-18 | 19-21 || total
---------------------------+-------+-------+-------+-------+-------+-------+-------++-------
  Melee: Mace              |   119 |       |       |       |       |       |       ||   119
         Touch             |     8 |    18 |    45 |   114 |   308 |   326 |    50 ||   869
         Unarmed           |     2 |   114 |   261 |   567 |  1748 |  1616 |   240 ||  4548
         Punch             |       |     1 |    12 |    46 |   187 |   276 |    36 ||   558
  Throw: Dart              |       |       |       |       |     5 |       |       ||     5
 Invoke: Fiery Armour      |       |       |     1 |     1 |       |       |       ||     2
         Lesser Servant of |       |       |       |       |     2 |     2 |       ||     4
         Major Destruction |       |       |       |       |     2 |     2 |     3 ||     7
         Greater Servant o |       |       |       |       |       |     3 |     2 ||     5
  Evoke: Wand              |       |       |       |    28 |    18 |     4 |     1 ||    51
         Box of beasts     |       |       |       |       |     3 |       |       ||     3
         Phial of floods   |       |       |       |       |       |     1 |     1 ||     2
         Condenser vane    |       |       |       |       |       |       |     1 ||     1
    Use: Scroll            |     1 |     4 |     1 |    15 |    22 |     8 |     6 ||    57
         Potion            |       |     1 |     1 |     4 |     7 |    12 |     4 ||    29
   Stab: Paralysed         |       |       |       |       |    17 |     2 |     2 ||    21
         Invisible         |       |       |       |       |     5 |       |       ||     5
         Fleeing           |       |       |       |       |     1 |       |       ||     1
         Distracted        |       |       |       |       |     2 |       |       ||     2
 Armour: Robe              |     4 |       |       |       |       |       |       ||     4
         Ring mail         |     8 |       |       |       |       |       |       ||     8
         Quicksilver drago |    28 |    34 |   104 |   219 |   402 |    80 |    40 ||   907
         Scale mail        |       |       |       |       |   123 |   291 |       ||   414
         Plate armour      |       |       |       |       |       |       |    70 ||    70
  Dodge: Dodged            |    63 |    52 |   108 |   301 |  1098 |   925 |   105 ||  2652
